[ AOE2 MATCH · #478629796 ]
UnrankedEthiopians vs Slavs
Player's team · LOSS
Rival team · WIN
[ REPLAY ANALYSIS · EXTRACTED FROM THE RECORDED GAME ]
Feudal
—
Castle
8:30
Imperial
—
| APM avg | 45.6 |
| APM peak | 83 |
| eAPM avg | 22.5 |
| Villagers / military | 32 / 43 |
Focus
⚔️ 35.0% · 🌾 65.0%
Archer ×43
Feudal
—
Castle
12:14
Imperial
—
| APM avg | 28.9 |
| APM peak | 53 |
| eAPM avg | 17.7 |
| Villagers / military | 27 / 40 |
Focus
⚔️ 47.1% · 🌾 52.9%
Scout Cavalry ×25 · Knight ×15
Match map
Initial resources + every placement click. Lines = walls · curves = elevation contours. ◆ gold · ⬟ stone · ● berries · ✦ relic · ◌ wall gap
Your base· Open — 6t gap
7mood2369's base· Open — unwalled flank
Smoothed initial terrain · ◌ = detected wall gap · hover for details
Inputs per minute
— coxmaster - - 7mood2369
Build order — coxmaster
115 actions detected in the replay
| 0:01 | Create | Villager (Male) |
| 0:01 | Create | Villager (Male) |
| 0:04 | Create | Villager (Male) |
| 0:04 | Create | Villager (Male) |
| 0:12 | Build | Archery Range |
| 0:20 | Build | House |
| 0:32 | Research | Double-Bit Axe |
| 0:52 | Create | Archer |
| 0:58 | Build | House |
| 1:00 | Create | Villager (Male) |
| 1:16 | Create | Archer |
| 1:26 | Build | House |
| 1:29 | Create | Archer |
| 1:33 | Research | Fletching |
| 1:34 | Create | Villager (Male) |
| 1:43 | Create | Villager (Male) |
| 1:57 | Build | Archery Range |
| 2:08 | Create | Villager (Male) |
| 2:12 | Create | Villager (Male) |
| 2:16 | Research | Padded Archer Armor |
| 2:18 | Create | Archer |
| 2:33 | Create | Villager (Male) |
| 2:35 | Build | Farm |
| 2:53 | Create | Archer |
| 2:54 | Create | Archer |
| 2:55 | Create | Archer |
| 2:59 | Build | Farm |
| 3:05 | Build | Farm |
| 3:13 | Build | Farm |
| 3:22 | Build | Farm |
| 3:33 | Create | Archer |
| 3:34 | Create | Archer |
| 4:03 | Build | Farm |
| 4:18 | Create | Villager (Male) |
| 4:23 | Build | House |
| 4:24 | Build | House |
| 4:44 | Create | Villager (Male) |
| 4:50 | Build | House |
| 5:37 | Build | Farm |
| 5:40 | Build | House |
| 5:50 | Research | Castle Age |
| 5:59 | Build | Stable |
| 6:09 | Build | Archery Range |
| 6:17 | Create | Villager (Male) |
| 6:28 | Research | Horse Collar |
| 6:44 | Build | Archery Range |
| 6:59 | Create | Archer |
| 6:59 | Create | Archer |
| 6:59 | Create | Archer |
| 7:19 | Build | Mining Camp |
| 8:13 | Create | Archer |
| 8:13 | Create | Archer |
| 8:30 | Age | Castle Age |
| 8:32 | Build | Town Center |
| 8:34 | Research | Crossbowman (upgrade) |
| 8:35 | Create | Villager (Male) |
| 8:37 | Research | Forging |
| 8:39 | Research | Bodkin Arrow |
| 8:40 | Research | Leather Archer Armor |
| 8:47 | Create | Archer |
| 8:47 | Create | Archer |
| 9:17 | Create | Archer |
| 9:17 | Create | Archer |
| 9:18 | Create | Archer |
| 9:49 | Create | Archer |
| 9:57 | Create | Villager (Male) |
| 9:58 | Create | Villager (Male) |
| 10:12 | Create | Villager (Male) |
| 10:13 | Create | Villager (Male) |
| 10:13 | Create | Villager (Male) |
| 10:21 | Create | Villager (Male) |
| 10:22 | Create | Villager (Male) |
| 10:39 | Build | Farm |
| 10:46 | Create | Archer |
| 10:46 | Create | Archer |
| 10:46 | Create | Archer |
| 10:51 | Build | Farm |
| 10:55 | Build | Farm |
| 10:58 | Build | Siege Workshop |
| 11:01 | Create | Archer |
| 11:35 | Create | Villager (Male) |
| 11:36 | Research | Gold Mining |
| 11:37 | Research | Stone Mining |
| 11:43 | Create | Archer |
| 11:43 | Create | Archer |
| 11:44 | Create | Villager (Male) |
| 11:44 | Create | Villager (Male) |
| 12:06 | Create | Villager (Male) |
| 12:06 | Create | Villager (Male) |
| 12:08 | Create | Archer |
| 12:08 | Create | Archer |
| 12:14 | Build | Archery Range |
| 12:42 | Create | Villager (Male) |
| 12:43 | Create | Villager (Male) |
| 12:44 | Create | Archer |
| 12:44 | Create | Archer |
| 12:54 | Create | Archer |
| 12:54 | Create | Archer |
| 13:35 | Create | Archer |
| 13:35 | Create | Archer |
| 13:35 | Create | Archer |
| 13:35 | Create | Archer |
| 13:46 | Build | Castle |
| 13:49 | Create | Archer |
| 13:49 | Create | Archer |
| 13:50 | Create | Villager (Male) |
| 13:51 | Create | Villager (Male) |
| 14:04 | Create | Archer |
| 14:13 | Research | Gold Shaft Mining |
| 14:15 | Create | Archer |
| 14:21 | Create | Villager (Male) |
| 14:22 | Create | Villager (Male) |
| 14:46 | Create | Archer |
| 14:46 | Create | Archer |
| 14:46 | Create | Archer |
Build order — 7mood2369
112 actions detected in the replay
| 0:03 | Create | Villager (Male) |
| 0:03 | Create | Villager (Male) |
| 0:08 | Research | Double-Bit Axe |
| 0:32 | Build | Stable |
| 0:50 | Research | Horse Collar |
| 0:52 | Create | Villager (Male) |
| 1:09 | Create | Villager (Male) |
| 1:15 | Build | Farm |
| 1:19 | Build | Farm |
| 1:22 | Build | Farm |
| 1:37 | Build | Farm |
| 1:38 | Create | Villager (Male) |
| 1:42 | Create | Scout Cavalry |
| 1:52 | Build | Farm |
| 2:00 | Build | Farm |
| 2:02 | Create | Villager (Male) |
| 2:06 | Create | Scout Cavalry |
| 2:09 | Build | Farm |
| 2:26 | Build | Farm |
| 2:27 | Create | Villager (Male) |
| 2:39 | Build | Farm |
| 2:43 | Create | Scout Cavalry |
| 2:52 | Build | Farm |
| 3:01 | Create | Villager (Male) |
| 3:02 | Create | Villager (Male) |
| 3:05 | Build | Farm |
| 3:11 | Build | Farm |
| 3:13 | Create | Scout Cavalry |
| 3:20 | Build | Farm |
| 3:39 | Create | Villager (Male) |
| 3:40 | Create | Scout Cavalry |
| 3:43 | Build | Farm |
| 3:55 | Create | Villager (Male) |
| 3:59 | Build | House |
| 4:05 | Create | Villager (Male) |
| 4:09 | Build | Farm |
| 4:15 | Build | Farm |
| 4:23 | Create | Scout Cavalry |
| 4:31 | Build | Farm |
| 4:44 | Research | Bloodlines |
| 5:00 | Research | Forging |
| 5:07 | Create | Villager (Male) |
| 5:32 | Create | Scout Cavalry |
| 5:41 | Build | Stable |
| 5:45 | Create | Villager (Male) |
| 5:45 | Create | Villager (Male) |
| 5:49 | Create | Scout Cavalry |
| 5:52 | Build | House |
| 5:53 | Build | House |
| 6:07 | Research | Scale Barding Armor |
| 6:08 | Research | Scale Barding Armor |
| 6:29 | Build | Mill |
| 6:30 | Build | Farm |
| 6:31 | Build | Farm |
| 6:31 | Build | Farm |
| 6:31 | Build | Farm |
| 6:32 | Build | Farm |
| 6:32 | Build | Farm |
| 6:32 | Build | Farm |
| 6:32 | Build | Farm |
| 6:33 | Build | Farm |
| 6:33 | Build | Farm |
| 6:34 | Build | Farm |
| 6:34 | Build | Farm |
| 6:36 | Create | Villager (Male) |
| 6:36 | Create | Villager (Male) |
| 6:42 | Create | Scout Cavalry |
| 6:43 | Create | Scout Cavalry |
| 6:43 | Create | Scout Cavalry |
| 6:56 | Create | Scout Cavalry |
| 6:56 | Create | Scout Cavalry |
| 7:13 | Build | Farm |
| 7:16 | Build | Farm |
| 7:18 | Build | Farm |
| 7:34 | Create | Villager (Male) |
| 7:37 | Create | Scout Cavalry ×2 |
| 7:49 | Create | Villager (Male) |
| 7:53 | Create | Scout Cavalry ×2 |
| 7:57 | Create | Villager (Male) |
| 8:13 | Build | Farm |
| 8:16 | Build | Farm |
| 8:24 | Create | Scout Cavalry |
| 8:24 | Create | Scout Cavalry |
| 8:30 | Create | Villager (Male) |
| 8:56 | Build | House |
| 8:59 | Build | House |
| 9:34 | Research | Castle Age |
| 10:12 | Build | Mining Camp |
| 10:18 | Research | Gold Mining |
| 10:39 | Build | Stable |
| 10:43 | Build | Stable |
| 11:33 | Create | Villager (Male) |
| 11:55 | Research | Wheelbarrow |
| 12:14 | Age | Castle Age |
| 12:15 | Research | Gold Shaft Mining |
| 12:16 | Research | Gold Shaft Mining |
| 12:19 | Research | Husbandry |
| 12:22 | Research | Light Cavalry (upgrade) |
| 12:22 | Create | Knight ×5 |
| 12:29 | Research | Bow Saw |
| 12:43 | Research | Heavy Plow |
| 13:05 | Create | Knight ×3 |
| 13:43 | Create | Villager (Male) |
| 13:43 | Create | Villager (Male) |
| 14:02 | Create | Knight ×2 |
| 14:03 | Create | Knight ×2 |
| 14:09 | Create | Scout Cavalry |
| 14:14 | Create | Villager (Male) |
| 14:52 | Create | Knight ×3 |
| 14:55 | Create | Scout Cavalry ×5 |
| 14:58 | Create | Villager (Male) |
| 14:58 | Create | Villager (Male) |
Match timeline
| 0:12 | coxmaster · first_building Archery Range |
| 0:32 | 7mood2369 · first_building Stable |
| 5:59 | coxmaster · first_building Stable |
| 8:30 | coxmaster · age_up castle |
| 10:58 | coxmaster · first_building Siege Workshop |
| 12:14 | 7mood2369 · age_up castle |
| 13:46 | coxmaster · first_building Castle |
| 15:09 | coxmaster · resign |
[ AI ANALYSIS · 1 CREDIT ]
What really happened in this match?
Wolo.gg analyzes every decision: build order, eco, micro, common mistakes by bracket. Personalized analysis on WhatsApp or Discord in 30 seconds.
Civ guide
Ethiopians
Perfil
Jugador #22110695